 Dungeon Crawl Stone Soup version 0.30-a0-1085-g990a428a5c (webtiles) character file.

Game seed: 16016649014235550409

134810 zazu2006 the Unseen (level 17, -1/165 (169) HPs)
             Began as a Naga Hedge Wizard on Apr 16, 2023.
             Was a High Priest of Vehumet.
             Slain by a pharaoh ant (19 damage)
             ... on level 3 of the Spider Nest.
             The game lasted 01:59:37 (37814 turns).

zazu2006 the Unseen (Naga Hedge Wizard)            Turns: 37814, Time: 01:59:37

HP:   -1/165 (169)  AC: 17    Str: 14    XL:     17   Next: 18%
MP:   34/39         EV: 13    Int: 22    God:    Vehumet [*****.]
Gold: 3194          SH: 24    Dex: 22    Spells: 9/35 levels left

rFire   . . .      SeeInvis +    P - +2 scimitar (flame)
rCold   + . .      Faith    .    i - +2 kite shield
rNeg    . . .      Spirit   .    w - +2 leather armour of the Tangerine {rC+ Dex+8}
rPois   +          Reflect  +    M - +2 hat
rElec   .          Rampage  .    n - +1 cloak {rCorr}
rCorr   +                        p - +2 pair of gloves
Will    ++...                    (no barding)
Stlth   +++++++                  u - amulet of reflection
HPRegen 0.47/turn                L - ring of flight
MPRegen 0.26/turn                V - ring of magical power

@: flying, lightly drained, very slow
A: AC +5, large, see invisible, deformed body, poison resistance, slowness 2,
spit poison 1, naga tail 2, antennae 1, large bone plates 1, agile 1, clever 1,
robust 1, wild magic 1
a: Spit Poison, Renounce Religion


You were on level 3 of the Spider Nest.
You worshipped Vehumet.
Vehumet was extremely pleased with you.
You visited 6 branches of the dungeon, and saw 28 of its levels.
You also visited: Sewer and Volcano.

You collected 3627 gold pieces.
You spent 433 gold pieces at shops.

Inventory:

Hand Weapons
 f - a +2 long sword of holy wrath
 k - a +2 long sword of freezing
 P - a +2 scimitar of flaming (weapon)
Missiles
 m - 2 throwing nets
Armour
 i - a +2 kite shield (worn)
 n - a +1 cloak of preservation (worn)
 p - a +2 pair of gloves (worn)
 w - the +2 leather armour of the Tangerine (worn) {rC+ Dex+8}
   (You found it on level 4 of the Dungeon)

   Dex:       It affects your dexterity (+8).
   rC:        It protects you from cold.
 M - a +2 hat (worn)
Jewellery
 u - an amulet of reflection (around neck)
 v - a ring of willpower
 y - a ring of protection from fire
 L - a ring of flight (left hand)
 V - a ring of magical power (right hand)
Wands
 t - a wand of iceblast (14)
 A - a wand of digging (4)
 C - a wand of polymorph (15)
 E - a wand of flame (4)
 K - a wand of charming (13)
 Y - a wand of light (16)
Scrolls
 a - 6 scrolls of identify
 e - 3 scrolls of butterflies
 h - 9 scrolls of teleportation
 j - 4 scrolls of fear
 o - 2 scrolls of silence
 r - 8 scrolls of fog
 x - 3 scrolls of magic mapping
 B - 3 scrolls of enchant armour
Potions
 b - a potion of resistance
 c - 2 potions of invisibility
 d - a potion of magic
 g - a potion of berserk rage {unknown}
 q - 4 potions of lignification
 s - 2 potions of flight
 z - 8 potions of ambrosia
 D - 3 potions of cancellation
 G - a potion of brilliance
 J - 2 potions of attraction


   Skills:
 + Level 10.6 Fighting
 - Level 14.0 Long Blades
 + Level 5.2 Armour
 + Level 7.6 Dodging
 + Level 19.2 Stealth
 + Level 10.1 Shields
 + Level 9.7 Spellcasting
 + Level 9.1 Conjurations
 + Level 1.0 Summonings
 + Level 0.4 Necromancy
 + Level 1.6 Translocations
 + Level 0.2 Fire Magic
 + Level 6.8 Air Magic
 + Level 8.1 Poison Magic
 + Level 1.6 Evocations


You had 9 spell levels left.
You knew the following spells:

 Your Spells              Type           Power      Damage    Failure   Level
a - Magic Dart            Conj           100%       1d8       1%          1
b - Mephitic Cloud        Conj/Pois/Air  56%        N/A       1%          3
c - Cigotuvi's Dreadful   Necr/Pois/Air  86%        N/A       4%          2
d - Blink                 Tloc           46%        N/A       16%         2
e - Airstrike             Air            26%        2d(4-20)  3%          4
f - Flame Wave            Conj/Fire      40%        2d11      8%          4
g - Conjure Ball Lightni  Conj/Air       28%        3x3d8     26%         6
h - Olgreb's Toxic Radia  Pois           57%        N/A       2%          4

Your spell library contained the following spells:

 Spells                   Type           Power      Damage    Failure   Level
 Spellforged Servitor     Conj/Summ      21%        N/A       98%         7
 Shock                    Conj/Air       100%       1d9       1%          1
 Momentum Strike          Conj/Tloc      88%        3d10      1%          2
 Poisonous Vapours        Pois/Air       100%       N/A       1%          2
 Hailstorm                Conj/Ice       40%        3d10      2%          3
 Sting                    Tmut/Pois      100%       1d8       4%          1
 Swiftness                Air            52%        N/A       4%          3
 Freeze                   Ice            52%        1d6       5%          1
 Ignite Poison            Fire/Tmut/Pois 30%        N/A       5%          3
 Sticky Flame             Conj/Fire      40%        2d6       8%          4
 Apportation              Tloc           46%        N/A       12%         1
 Spider Form              Tmut/Pois      37%        N/A       12%         3
 Frozen Ramparts          Ice            26%        1d4       14%         3
 Lesser Beckoning         Tloc           46%        N/A       16%         2
 Beastly Appendage        Tmut           26%        N/A       21%         1
 Slow                     Hex            52%        N/A       21%         1
 Call Imp                 Summ           38%        N/A       21%         2
 Irradiate                Conj/Tmut      20%        3d18      21%         5
 Wereblood                Tmut           13%        N/A       30%         2
 Gell's Gravitas          Tloc           23%        N/A       30%         3
 Teleport Other           Tloc           23%        N/A       30%         3
 Call Canine Familiar     Summ           19%        N/A       36%         3
 Portal Projectile        Hex/Tloc       36%        N/A       38%         3
 Vampiric Draining        Necr           16%        2d7       43%         3
 Confusing Touch          Hex            13%        N/A       47%         3
 Tukima's Dance           Hex            13%        N/A       47%         3
 Manifold Assault         Tloc           23%        N/A       67%         4
 Passage of Golubria      Tloc           23%        N/A       67%         4
 Alistair's Intoxication  Tmut/Pois      24%        N/A       67%         5
 Yara's Violent Unravell  Hex/Tmut       6%         3d5       71%         5
 Eringya's Noxious Bog    Tmut/Pois      18%        N/A       71%         6
 Leda's Liquefaction      Hex/Erth       6%         N/A       86%         4
 Blade Hands              Tmut           6%         N/A       99%         5
 Borgnjor's Vile Clutch   Necr/Erth      7%         N/A       99%         5
 Dispersal                Tloc           11%        N/A       100%        6
 Dragon Form              Tmut           6%         N/A       100%        7
 Disjunction              Tloc           11%        N/A       100%        8
 Ignition                 Fire           7%         3d5       100%        8


Dungeon Overview and Level Annotations

Branches:
Dungeon (15/15)            Temple (1/1) D:6            Lair (5/5) D:10
  Swamp (1/4) Lair:3       Spider (4/4) Lair:2        Slime (0/5) Lair:5
    Orc (2/2) D:10            Elf (0/3) Orc:2        Vaults (0/5) D:13
 Depths (0/4) D:15          Sewer (visited)         Volcano (visited)

Altars:
Ashenzari
Dithmenos
Elyvilon
Fedhas
Gozag
Hepliaklqana
Kikubaaqudgha
Makhleb
Nemelex Xobeh
Okawaru
Qazlal
Ru
Sif Muna
Trog
Uskayaw
Vehumet
Wu Jian
Xom
Yredelemnul
Zin
The Shining One
Jiyva

Shops:
D:9 [   D:11 *   Orc:2 **(:

Portals:
Pandemonium: Orc:2

Annotations:
Temple 4 transporters
Spider:2 1 runed translucent door, olddryhag's ghost, adept HOFi
Spider:3 Arachne; Jorgrun; Roxanne
Spider:4 Asterion


Innate Abilities, Weirdness & Mutations

Your serpentine skin is tough. (AC +5)
You have supernaturally acute eyesight. (SInv)
Armour fits poorly on your strangely shaped body.
Your system is resistant to poisons. (rPois)
You cover ground very slowly.
You can spit poison.
You can use your snake-like lower body to constrict enemies.
You have a pair of small antennae on your head.
You are partially covered in large bone plates. (SH +4)
You are agile. (Dex +4, Str/Int -1)
Your mind is acute. (Int +4, Str/Dex -1)
You are robust. (+10% HP)
Your spells are a little harder to cast, but a little more powerful.


Message History

You release your grip on the pharaoh ant.
You block the wolf spider's attack. The wolf spider bites you.
* * * LOW HITPOINT WARNING * * *
The pharaoh ant bites you.
* * * LOW HITPOINT WARNING * * *
The wolf spider hits you!
* * * LOW HITPOINT WARNING * * *
You block the wolf spider's attack. You block the pharaoh ant's attack.
You block the wolf spider's attack. x2
Casting: Mephitic Cloud (safe; 1% risk of failure)
Confirm with . or Enter, or press ? or * to list all spells.
Aiming: Mephitic Cloud (safe; 1% risk of failure)
Press: ? - help, Shift-Dir - straight line, f - wolf spider
Aim: a wolf spider (moderately wounded, chance to affect: 48%)
The ball explodes into a vile cloud!
The stinking cloud engulfs the wolf spider but does no damage.
The wolf spider is moderately wounded.
The stinking cloud engulfs the pharaoh ant but does no damage.
The pharaoh ant is lightly damaged.
The stinking cloud engulfs you but does no damage.
You block the pharaoh ant's attack.
The wolf spider is engulfed in noxious fumes.
The wolf spider appears confused.
The pharaoh ant bites you.
* * * LOW HITPOINT WARNING * * *
You feel drained.
Unknown command.
Unknown command.
Unknown command.
Unknown command.
The wolf spider is engulfed in noxious fumes.
The wolf spider appears confused.
The wolf spider is engulfed in noxious fumes.
The wolf spider appears confused.
The wolf spider is engulfed in noxious fumes.
You block the wolf spider's attack. x2
The wolf spider is engulfed in noxious fumes.
The wolf spider appears confused.
You block the pharaoh ant's attack.
The pharaoh ant attacks as you move away!
The pharaoh ant bites you!!
You die...

#### ##..##### #
#.....#.###.# #. ####
#..^.......# #^.##...##
#...........#
^...#....###.....##.....g..
#........#.....?...###....
.#.........<#.....### .##.
..#......B@..#.##.# #
.........ss....###..
......°..○○....# $...
...#...☼○○....# .....
#.°........# .....
##.......#.# .. ...
#...#.#.####. ##.#.^#.....#
##.#.......#


You could see 2 wolf spiders and a pharaoh ant.

Vanquished Creatures
  An emperor scorpion (Spider:2)
  2 broodmothers (Spider:2)
  A bunyip (Swamp:1)
  Snorg (D:10)
  6 hydras
  5 entropy weavers
  A radroach (Lair:2)
  The ghost of gelatine the Frost Mage, a journeyman DsIE (Lair:2)
  2 demonspawn (Orc:2)
  3 catoblepae (Lair:5)
  A jorogumo (Spider:2)
  Erica (D:9)
  4 centaur warriors
  5 two-headed ogres
  5 boulder beetles
  A tengu warrior (D:13)
  6 death yaks
  6 orc high priests
  Urug (Lair:1)
  A salamander mystic (Volcano)
  A hell knight (Volcano)
  2 sun moths (Spider:1)
  4 pharaoh ants
  7 skeletal warriors
  Lodul (D:10)
  The ghost of mandoloar the Insei, a novice OpTm of Cheibriados (D:7)
  A deep elf archer (D:13)
  3 wizards (D:15)
  A bog body (Lair:3)
  A necromancer (D:15)
  4 orb spiders
  2 spectral wolf spiders (Spider:2)
  2 steelbarb worms
  2 deep elf zephyrmancers (D:13)
  A wolf spider zombie (Spider:2)
  3 oklob plants
  4 orc knights
  3 deep elf pyromancers
  10 cyclopes
  7 orc sorcerers
  17 wolf spiders
  A will-o-the-wisp (Swamp:1)
  5 manticores
  4 salamanders (Volcano)
  13 elephants
  An ugly thing (D:7)
  A centaur zombie (D:15)
  6 black mambas
  2 demonic crawlers
  A molten gargoyle (Volcano)
  2 gargoyles
  7 cane toads
  2 efreet (D:15)
  5 centaur skeletons
  2 torpor snails
  An orange demon (Orc:2)
  4 rime drakes
  A kobold demonologist (D:12)
  7 komodo dragons
  2 unseen horrors
  2 yaktaurs (D:13)
  A red devil (Orc:2)
  A tengu conjurer (D:15)
  2 meliai (D:14)
  A harpy zombie (D:15)
  A queen bee (D:14)
  2 trolls
  A polar bear (Lair:2)
  4 wolf spider simulacra (Spider:2)
  Grinder (D:5)
  14 tarantellas
  A hellwing (Orc:2)
  A tyrant leech (Swamp:1)
  14 dream sheep
  17 blink frogs
  16 culicivoras
  5 slime creatures
  A vampire (D:14)
  11 jumping spiders
  Sigmund (D:5)
  A ynoxinul (Orc:2)
  A shadow (D:9)
  2 wraiths
  5 wyverns
  2 basilisks
  A fire bat (Volcano)
  61 yaks
  A chaos spawn (Orc:2)
  21 redbacks
  2 steam dragons
  A neqoxec (Orc:2)
  A redback simulacrum (D:15)
  2 wargs (Orc:2)
  An acid dragon (D:13)
  18 water moccasins
  28 orc warriors
  4 ice beasts
  Pargi (Sewer)
  3 black bears
  12 ogres
  13 wolves
  22 centaurs
  2 phantoms
  3 kobold brigands
  2 gnoll sergeants
  10 bullfrogs
  3 scorpions
  6 wights
  20 killer bees (D:14)
  6 howler monkeys
  9 electric eels (D:6)
  2 lava snakes (Volcano)
  5 jellies
  2 gnoll boudas
  2 hounds
  38 orc priests
  3 sleepcaps (D:5)
  Jessica (D:3)
  2 iguanas
  Ijyb (D:3)
  12 orc wizards
  A boggart skeleton (D:15)
  27 gnolls
  4 adders
  A shadow imp (D:6)
  14 white imps
  2 ufetubi
  A worm (D:2)
  A dart slug (D:1)
  78 orcs
  2 ball pythons
  6 bats
  7 endoplasms
  7 giant cockroaches
  35 goblins
  31 hobgoblins
  10 jackals
  9 quokkas
  4 frilled lizards
  22 kobolds
  4 rats
893 creatures vanquished.

Vanquished Creatures (collateral kills)
  A pharaoh ant (Spider:1)
  A wolf spider (Spider:3)
  A jumping spider (Spider:2)
  A gnoll (D:8)
  3 orcs (D:10)
7 creatures vanquished.

Vanquished Creatures (others)
  2 wolf spiders (Spider:2)
  A meliai (D:14)
  A vampire (D:7)
  A redback (Spider:1)
  6 foxfires (Swamp:1)
  18 fungi
  40 plants
69 creatures vanquished.

Grand Total: 969 creatures vanquished

Notes
Turn   | Place    | Note
-------+----------+-------------------------------------------
     0 | D:1      | zazu2006 the Naga Hedge Wizard began the quest for the Orb.
     0 | D:1      | Reached XP level 1. HP: 15/15 MP: 4/4
   166 | D:1      | Reached XP level 2. HP: 22/22 MP: 3/6
   533 | D:1      | Reached XP level 3. HP: 28/28 MP: 5/8
   537 | D:1      | Learned a level 3 spell: Mephitic Cloud
   540 | D:1      | Learned a level 2 spell: Cigotuvi's Dreadful Rot
   543 | D:1      | Learned a level 2 spell: Blink
  1766 | D:2      | Reached XP level 4. HP: 36/36 MP: 7/10
  2310 | D:3      | Noticed Ijyb
  2338 | D:3      | Killed Ijyb
  2529 | D:3      | Noticed Jessica
  2545 | D:3      | Killed Jessica
  2546 | D:3      | Reached skill level 1 in Poison Magic
  2546 | D:3      | Reached XP level 5. HP: 38/43 MP: 3/11
  2857 | D:3      | Noticed a phantom
  2875 | D:3      | Killed a phantom
  2876 | D:3      | Reached XP level 6. HP: 39/50 MP: 4/13
  3203 | D:4      | Identified the +2 leather armour of the Tangerine {rC+
                  | Dex+8}
  3280 | D:4      | Found an opulent altar of Gozag.
  3929 | D:4      | Reached skill level 1 in Fighting
  3929 | D:4      | Reached skill level 5 in Spellcasting
  4293 | D:5      | Entered Level 5 of the Dungeon
  4301 | D:5      | Reached XP level 7. HP: 57/57 MP: 7/14
  4939 | D:5      | Reached skill level 1 in Armour
  4988 | D:5      | Noticed Sigmund
  4997 | D:5      | Killed Sigmund
  4998 | D:5      | Reached skill level 1 in Long Blades
  4998 | D:5      | Reached XP level 8. HP: 57/64 MP: 13/16
  5363 | D:5      | Noticed Grinder
  5383 | D:5      | Killed Grinder
  5384 | D:5      | Reached skill level 4 in Stealth
  5856 | D:6      | Found a staircase to the Ecumenical Temple.
  5880 | D:6      | Reached skill level 1 in Air Magic
  5915 | D:6      | Found a glowing drain.
  5940 | Sewer    | Entered a sewer
  6067 | Sewer    | Noticed Pargi
  6080 | Sewer    | Killed Pargi
  6081 | Sewer    | Reached skill level 1 in Shields
  6796 | D:6      | Reached XP level 9. HP: 27/73 MP: 8/17
  6995 | Temple   | Entered the Ecumenical Temple
  6995 | Temple   | Found a transporter.
  6995 | Temple   | Found a transporter.
  7017 | Temple   | Found a transporter.
  7017 | Temple   | Found a transporter.
  7033 | Temple   | Became a worshipper of Vehumet
  7150 | D:6      | Reached skill level 5 in Stealth
  7348 | D:6      | Reached * piety under Vehumet
  7348 | D:6      | Offered knowledge of Shock by Vehumet.
  7412 | D:6      | Reached skill level 5 in Poison Magic
  7748 | D:6      | Reached ** piety under Vehumet
  7748 | D:6      | Offered knowledge of Sandblast by Vehumet.
  8200 | D:7      | Noticed a cyclops
  8203 | D:7      | Found a transporter.
  8209 | D:7      | Found a transporter.
  8210 | D:7      | Noticed mandoloar's ghost (novice OpTm)
  8210 | D:7      | Noticed a brown ugly thing
  8272 | D:7      | Reached skill level 5 in Conjurations
  8595 | D:7      | Noticed a gargoyle
  9401 | D:8      | Reached skill level 5 in Long Blades
  9531 | D:8      | Reached XP level 10. HP: 84/84 MP: 13/19
  9615 | D:8      | Noticed a skeletal warrior
  9617 | D:8      | Noticed a cyclops
  9618 | D:8      | Noticed a centaur warrior
  9649 | D:8      | Found a hide-covered altar of Uskayaw.
  9678 | D:8      | Reached skill level 6 in Stealth
  9721 | D:8      | Offered knowledge of Searing Ray by Vehumet.
  9724 | D:8      | Reached skill level 7 in Stealth
  9915 | D:8      | Noticed a cyclops
  9928 | D:8      | Killed a cyclops
 10163 | D:8      | Reached *** piety under Vehumet
 10297 | D:8      | Found a burning altar of Makhleb.
 10400 | D:8      | Killed a cyclops
 11167 | D:8      | Killed a skeletal warrior
 11168 | D:8      | Reached skill level 8 in Stealth
 11558 | D:8      | Identified the +2 pair of gloves of Marbles {Fly rC+++
                  | Int-2 Dex-5}
 11765 | D:9      | Noticed Erica
 11776 | D:9      | Noticed a two-headed ogre
 11827 | D:9      | Killed a two-headed ogre
 11828 | D:9      | Reached skill level 1 in Evocations
 11828 | D:9      | Reached XP level 11. HP: 57/91 MP: 2/21
 12151 | D:9      | Noticed a two-headed ogre
 12161 | D:9      | Killed a two-headed ogre
 12256 | D:9      | Found Cytuowof's Antique Armour Shoppe.
 12264 | D:9      | Bought a masterwork ring mail for 234 gold pieces
 12264 | D:9      | Identified the +3 ring mail of the Valley of Death {Harm
                  | rC+} (You bought it in a shop on level 9 of the Dungeon)
 12491 | D:9      | Reached skill level 9 in Stealth
 12603 | D:9      | Identified the +0 ring mail "Istal" {rPois Int+7}
 12750 | D:9      | Killed Erica
 12869 | D:10     | Entered Level 10 of the Dungeon
 12918 | D:10     | Found a staircase to the Lair.
 12929 | D:10     | Offered knowledge of Airstrike by Vehumet.
 12935 | D:10     | Learned a level 4 spell: Airstrike
 13294 | D:10     | Noticed Snorg
 13319 | D:10     | Killed Snorg
 13388 | D:10     | Found a staircase to the Orcish Mines.
 13546 | D:10     | Reached **** piety under Vehumet
 13624 | D:10     | Noticed Lodul
 13691 | D:10     | Reached skill level 10 in Stealth
 13818 | D:10     | You are sucked into a shaft and drop 3 floors!
 14350 | D:11     | Found Saplok's Assorted Antiques.
 14356 | D:11     | Bought a heavily runed golden ring for 160 gold pieces
 14356 | D:11     | Identified the ring of Saomeir {Fire Will- Dex+4} (You
                  | bought it in a shop on level 11 of the Dungeon)
 14548 | D:10     | Offered knowledge of Flame Wave by Vehumet.
 14853 | D:10     | Killed Lodul
 14916 | Orc:1    | Entered Level 1 of the Orcish Mines
 15227 | Orc:1    | Noticed an orc high priest
 15439 | D:10     | Reached XP level 12. HP: 98/100 MP: 22/22
 15488 | Orc:1    | Killed an orc high priest
 15489 | Orc:1    | Reached skill level 11 in Stealth
 15885 | Orc:2    | Entered Level 2 of the Orcish Mines
 16474 | Orc:2    | Reached ***** piety under Vehumet
 16506 | Orc:1    | Learned a level 4 spell: Flame Wave
 16619 | Orc:2    | Offered knowledge of Fulminant Prism by Vehumet.
 16887 | Orc:2    | Found Ufaen's General Store.
 16920 | Orc:2    | Reached skill level 5 in Shields
 16923 | Orc:2    | Found Ynkazi's General Store.
 17047 | Orc:2    | Bought a scroll of teleportation for 39 gold pieces
 17174 | Orc:2    | Reached skill level 5 in Fighting
 17391 | Orc:2    | Found a staircase to the Elven Halls.
 17746 | Orc:2    | Reached skill level 12 in Stealth
 18017 | Orc:2    | Gained mutation: You occasionally shout uncontrollably at
                  | your foes. [a neqoxec]
 18018 | Orc:2    | Gained mutation: You have hidden genetic defects. [a
                  | neqoxec]
 18034 | Orc:2    | Gained mutation: You are vulnerable to cold. (rC-) [a
                  | neqoxec]
 18037 | Orc:2    | Noticed an orc high priest
 18076 | Orc:1    | Lost mutation: You are vulnerable to cold. (rC-) [potion of
                  | mutation]
 18076 | Orc:1    | Lost mutation: You have hidden genetic defects. [potion of
                  | mutation]
 18076 | Orc:1    | Lost mutation: You occasionally shout uncontrollably at
                  | your foes. [potion of mutation]
 18076 | Orc:1    | Gained mutation: You have hidden genetic potential. [potion
                  | of mutation]
 18076 | Orc:1    | Gained mutation: You are vulnerable to cold. (rC-) [potion
                  | of mutation]
 18076 | Orc:1    | Gained mutation: You have great hidden genetic potential.
                  | [potion of mutation]
 18280 | Orc:2    | Killed an orc high priest
 18684 | Orc:2    | Noticed an orc high priest
 18715 | Orc:2    | Noticed a soul eater
 18716 | Orc:2    | Killed an orc high priest
 18726 | Orc:2    | Reached skill level 5 in Dodging
 18971 | Orc:2    | Noticed an orc high priest
 18972 | Orc:2    | Noticed a demonspawn
 18974 | Orc:2    | Noticed an orc high priest
 18989 | Orc:2    | Noticed a sun demon
 18990 | Orc:2    | Killed an orc high priest
 18991 | Orc:2    | Reached skill level 13 in Stealth
 19406 | Orc:2    | Gained mutation: You can use your snake-like lower body to
                  | constrict enemies. [Naga growth]
 19406 | Orc:2    | Reached XP level 13. HP: 103/110 MP: 24/24
 19412 | Orc:2    | Paralysed by an orc sorcerer for 5 turns
 19691 | Orc:2    | Found Liafi's Book Emporium.
 19691 | Orc:2    | Found a one-way gate leading to the halls of Pandemonium.
 19691 | Orc:2    | Found Reashrat's Antique Weapon Shoppe.
 19696 | Orc:2    | Paralysed by an orc sorcerer for 2 turns
 19716 | Orc:2    | Reached skill level 5 in Air Magic
 20034 | Lair:1   | Entered Level 1 of the Lair of Beasts
 20092 | Lair:1   | Noticed Urug
 20110 | Lair:1   | Found a dark tunnel.
 20117 | Volcano  | Entered a volcano
 20249 | Volcano  | Offered knowledge of Yara's Violent Unravelling by Vehumet.
 20306 | Volcano  | Found a burning altar of Makhleb.
 20321 | Volcano  | Reached skill level 10 in Long Blades
 20327 | Volcano  | HP: 4/111 [hell knight/+2 scimitar of flaming (29)]
 20334 | Volcano  | Reached skill level 14 in Stealth
 20345 | Volcano  | HP: 5/111 [salamander/+0 trident (5)]
 20354 | Volcano  | Gained mutation: You are agile. (Dex +4, Str/Int -1)
                  | [hidden potential]
 20489 | Lair:1   | Killed Urug
 21182 | Lair:1   | Identified the +3 robe of Inevitability {+Blink}
 21787 | Lair:2   | Identified the +7 flail of Juptuy {protect, rF+ Str+3
                  | Stlth+}
 22125 | Lair:2   | Found a hole to the Spider Nest.
 22379 | Lair:2   | Found a runed translucent door.
 22381 | Lair:2   | Noticed gelatine's ghost (journeyman DsIE)
 22989 | Lair:2   | Reached XP level 14. HP: 69/111 MP: 26/26
 23489 | D:7      | Killed mandoloar's ghost
 23500 | D:7      | Offered knowledge of Plasma Beam by Vehumet.
 24192 | Lair:3   | You are sucked into a shaft and drop 2 floors!
 24192 | Lair:5   | Entered Level 5 of the Lair of Beasts
 24451 | Lair:4   | Reached skill level 15 in Stealth
 24489 | Lair:4   | Gained mutation: You expend magic power (3 MP) to
                  | strengthen your wands. [hidden potential]
 24489 | Lair:4   | Lost mutation: You have great hidden genetic potential.
                  | [hidden potential expressed]
 24998 | Lair:3   | Lost mutation: You are vulnerable to cold. (rC-) [potion of
                  | mutation]
 24998 | Lair:3   | Lost mutation: You expend magic power (3 MP) to strengthen
                  | your wands. [potion of mutation]
 24998 | Lair:3   | Gained mutation: You are partially covered in large bone
                  | plates. (SH +4) [potion of mutation]
 24998 | Lair:3   | Gained mutation: Your mind is acute. (Int +4, Str/Dex -1)
                  | [potion of mutation]
 24998 | Lair:3   | Gained mutation: Your spells are a little harder to cast,
                  | but a little more powerful. [potion of mutation]
 25113 | Lair:3   | Found a staircase to the Swamp.
 26290 | Lair:5   | Offered knowledge of Starburst by Vehumet.
 26470 | Lair:5   | Reached skill level 16 in Stealth
 26479 | Lair:5   | Reached XP level 15. HP: 77/132 MP: 28/28
 26624 | Lair:5   | Found a staircase to the Slime Pits.
 26624 | Lair:5   | Found a viscous altar of Jiyva.
 27851 | Lair:2   | Killed gelatine's ghost
 27858 | Lair:2   | Identified the staff of air "Jeufith" {rElec rCorr Dex+2}
 27860 | Lair:2   | Identified the +0 ring mail of Bitterness {-Cast Regen+
                  | rCorr Str+5}
 27861 | Lair:2   | Gained mutation: You are robust. (+10% HP) [hidden
                  | potential]
 28233 | D:11     | Offered knowledge of Conjure Ball Lightning by Vehumet.
 28616 | D:12     | Identified a scroll of acquirement
 28694 | D:12     | Acquired 622 gold pieces
 30425 | D:13     | Found a gate to the Vaults.
 31284 | D:14     | Reached skill level 17 in Stealth
 31613 | D:15     | Entered Level 15 of the Dungeon
 31737 | D:15     | Reached XP level 16. HP: 62/158 MP: 29/29
 32044 | D:15     | Found a staircase to the Depths.
 32397 | D:15     | Learned a level 6 spell: Conjure Ball Lightning
 32757 | Swamp:1  | Entered Level 1 of the Swamp
 32822 | Swamp:1  | Gained mutation: You have a pair of small antennae on your
                  | head. [hidden potential]
 32822 | Swamp:1  | Lost mutation: You have hidden genetic potential. [hidden
                  | potential expressed]
 33243 | Spider:1 | Entered Level 1 of the Spider Nest
 33485 | Spider:1 | Identified the staff of air "Yrghiopsa" {rElec Str-2 Int+3}
 33573 | Spider:1 | Offered knowledge of Iskenderun's Battlesphere by Vehumet.
 34205 | Spider:1 | Reached skill level 18 in Stealth
 35007 | Spider:2 | Learned a level 4 spell: Olgreb's Toxic Radiance
 35050 | Spider:2 | Reached skill level 10 in Fighting
 35053 | Spider:2 | Offered knowledge of Spellforged Servitor by Vehumet.
 35063 | Spider:2 | Reached ****** piety under Vehumet
 35064 | Spider:2 | Reached skill level 5 in Armour
 35339 | Spider:2 | Noticed olddryhag's ghost (adept HOFi)
 35345 | Spider:2 | Found a runed translucent door.
 35813 | Spider:2 | Reached skill level 19 in Stealth
 35824 | Spider:2 | Reached XP level 17. HP: 151/168 MP: 30/30
 36134 | Spider:2 | Reached skill level 10 in Shields
 36587 | Spider:3 | Noticed Arachne
 36592 | Spider:3 | Noticed Jorgrun
 36605 | Spider:3 | HP: 7/169 [Arachne/staff of poison (9)]
 37003 | Spider:3 | Noticed Roxanne
 37751 | Spider:4 | Entered Level 4 of the Spider Nest
 37761 | Spider:4 | Noticed Asterion
 37814 | Spider:3 | Slain by a pharaoh ant

Illustrated notes

Levels and vault maps discovered:
D:1:      minmay_arrival_glassed_features, layout_basic, serial_forest,
          infiniplex_forest_end_1, infiniplex_forest_lined_room_2,
          infiniplex_forest_lined_2, infiniplex_forest_clump_curved,
          infiniplex_forest_corner_1, infiniplex_forest_straight_4,
          infiniplex_forest_straight_3
D:2:      layout_basic
D:3:      layout_rooms, minivault_24, uniq_jessica, uniq_ijyb
D:4:      minmay_wonky_spiral, layout_loops_corners,
          mainiacjoe_overflow_six_doors_small
D:5:      layout_basic, hex_tiny, uniq_grinder, uniq_sigmund
D:6:      minmay_goblin_kobold_castle, layout_cave_pools,
          minmay_temple_entry_trees, gup_sewer_entry_pipe
D:7:      layout_loops_ring, nzn_ghost_randoct
D:8:      layout_basic, lemuel_round_altar, mainiacjoe_overflow_24_doors,
          minmay_diamond_spiral
D:9:      layout_basic, serial_shops, shop, uniq_erica
D:10:     layout_roguey, lair_entry_dummy, hiddenorc2_lemuel, uniq_snorg,
          uniq_lodul
D:11:     layout_roguey, serial_shops, nicolae_shop_tiny_waterfront
D:12:     layout_stronghold, hangedman_decor_riveting
D:13:     layout_rooms, hangedman_vaults_entry_quadrant_bands
D:14:     layout_basic, moated_statue, special_room [special_room_bee]
D:15:     grunt_enter_depths_magical_seal, layout_basic
Temple:   hellmonk_temple_divided_pantheon
Lair:1:   layout_regular_city, portal_ice_cave_entry_imps, enter_volcano_2,
          beast_lair_carwin_4, uniq_urug
Lair:2:   nzn_winding_woodlands_three_and_one
          [nzn_winding_woodlands_5x15_parted, nzn_winding_woodlands_5x15_garden,
          nzn_winding_woodlands_5x15_pool,
          nzn_winding_woodlands_center_pierced_h], layout_misc_corridors,
          spider_nest_entry_web_field, ebering_ghost_inner_flame
Lair:3:   layout_misc_corridors, skrybe_swamp_entry_bodies,
          chequers_serial_rivers_small_b, chequers_serial_rivers_large_a,
          grunt_megastairs_2
Lair:4:   layout_roguey
Lair:5:   evilmike_catoblepas_cave, layout_cave_shapes,
          minmay_slime_entry_pillars
Swamp:1:  layout_basic_swamp, hangedman_swamp_ruin_hall
Spider:1: layout_spider_delve, special_room
Spider:2: spider_temple_joshua, hellmonk_ghost_happy_afterlife,
          nicolae_spider_undead_wolf_pack
Spider:3: layout_chambers, gammafunk_ghost_arena, hangedman_spider_mandibles,
          nicolae_spider_scorpion_nest, nicolae_spider_cling_halls,
          uniq_arachne, uniq_jorgrun, uniq_roxanne
Spider:4: floodkiller_spider_rune_tomb, uniq_asterion
Orc:1:    layout_diamond_mine
Orc:2:    pf_orc_diabolical, layout_caves

Skill      XL: |  1  2  3  4  5  6  7  8  9 10 11 12 13 14 15 16 17 |
---------------+----------------------------------------------------+-----
Spellcasting   | 4 5 6 7 8 9 |  9.7
Conjurations   | 2 3 4 5 6 7 8 9 |  9.1
Poison Magic   | 1 2 4 7 8 |  8.1
Dodging        | 2 3 4 5 6 7 |  7.6
Fighting       | 1 2 3 4 5 6 8 9 10 | 10.6
Armour         | 1 2 3 4 5 |  5.2
Long Blades    | 1 3 5 6 8 9 10 12 13 14 | 14.0
Stealth        | 4 5 8 10 13 14 16 17 19 | 19.2
Air Magic      | 1 2 3 4 5 6 |  6.8
Shields        | 1 3 4 5 6 7 8 9 10 | 10.1
Evocations     | 1 |  1.6
Summonings     | |  1.0
Necromancy     | |  0.4
Translocations | |  1.6
Fire Magic     | |  0.2

Action                     |  1- 3 |  4- 6 |  7- 9 | 10-12 | 13-15 | 16-18 || total
---------------------------+-------+-------+-------+-------+-------+-------++-------
  Melee: Dagger            |    20 |    19 |       |       |       |       ||    39
         Falchion          |       |       |   328 |   431 |       |       ||   759
         Punch             |       |       |     8 |     1 |       |       ||     9
         Long sword        |       |       |       |   329 |   100 |       ||   429
         Scimitar          |       |       |       |       |   946 |   543 ||  1489
         Constrict         |       |       |       |       |   193 |   108 ||   301
   Cast: Magic Dart        |    85 |    90 |   243 |   148 |    67 |    15 ||   648
         Mephitic Cloud    |       |     6 |    32 |   134 |   112 |    63 ||   347
         Blink             |       |       |     1 |     4 |     1 |     3 ||     9
         Airstrike         |       |       |       |     8 |     5 |       ||    13
         Flame Wave        |       |       |       |       |     1 |     1 ||     2
         Cigotuvi's Dreadf |       |       |       |       |     1 |       ||     1
         Olgreb's Toxic Ra |       |       |       |       |       |     2 ||     2
Ability: Spit Poison       |    17 |    16 |    29 |    57 |    27 |     9 ||   155
  Evoke: Wand              |       |     9 |       |     5 |     7 |       ||    21
    Use: Scroll            |       |       |     8 |    10 |    16 |     7 ||    41
         Potion            |       |       |       |     6 |    10 |     6 ||    22
   Stab: Confused          |       |     2 |    19 |   118 |    96 |    68 ||   303
         Sleeping          |       |       |       |     3 |    16 |    11 ||    30
         Invisible         |       |       |       |       |     1 |       ||     1
         Distracted        |       |       |       |       |     4 |     2 ||     6
 Armour: Robe              |     9 |    16 |       |       |       |       ||    25
         Leather armour    |       |     2 |   150 |   155 |   260 |   105 ||   672
         Skin              |       |       |       |     1 |       |       ||     1
  Dodge: Dodged            |    27 |    22 |   233 |   243 |   329 |   147 ||  1001
  Block: Other             |       |     2 |    78 |    15 |       |       ||    95
         Reflection        |       |       |    10 |    10 |    32 |     8 ||    60
         Buckler           |       |       |       |   336 |   438 |       ||   774
         Kite shield       |       |       |       |       |   179 |   594 ||   773

Table legend: (Time is in decaauts)
 A = Elapsed time spent in this place.
 B = Non-inter-level travel time spent in this place.
 C = Inter-level travel time spent in this place.
 D = Time resting spent in this place.
 E = Time spent auto-exploring this place.
 F = Levels seen in this place.
 G = Mean time per level.
                   A        B        C        D        E       F      G
               +--------+--------+--------+--------+--------+-----+--------+
         Total |  45125 |  42449 |   2676 |   5276 |  27000 |  30 | 1504.2 |
       Dungeon |  24593 |  22553 |   2040 |   1580 |  16295 |  15 | 1639.5 |
        Temple |     70 |     70 |      0 |      0 |     21 |   1 |   70.0 |
          Lair |   9514 |   8978 |    536 |   1305 |   5579 |   5 | 1902.8 |
         Swamp |     79 |     79 |      0 |      6 |     10 |   1 |   79.0 |
   Spider Nest |   4711 |   4625 |     86 |    882 |   2601 |   4 | 1177.8 |
  Orcish Mines |   5415 |   5405 |     10 |   1499 |   2279 |   2 | 2707.5 |
         Sewer |    278 |    278 |      0 |      0 |    213 |   1 |  278.0 |
       Volcano |    463 |    463 |      0 |      2 |      0 |   1 |  463.0 |
               +--------+--------+--------+--------+--------+-----+--------+

Top non-repeatable levels by time:
   Orc:2: 3678 daAuts
     D:6: 2769 daAuts
  Lair:2: 2358 daAuts
     D:8: 2290 daAuts
  Lair:1: 2252 daAuts
Spider:2: 2236 daAuts
    D:10: 2162 daAuts
  Lair:5: 2083 daAuts
     D:5: 1991 daAuts
     D:7: 1901 daAuts
     D:9: 1827 daAuts
  Lair:3: 1755 daAuts
   Orc:1: 1736 daAuts
     D:4: 1627 daAuts
     D:1: 1605 daAuts
